 Dungeon Crawl Stone Soup version 0.30-a0-389-g8d7d949f56 (webtiles) character file.

Game seed: 16135721610971886644

514 experimilk the Conjurer (level 7, -4/50 HPs)
             Began as a Black Draconian Conjurer on Dec 3, 2022.
             Slain by an orc priest
             ... wielding a +1 flail of holy wrath
              (6 damage)
             ... on level 5 of the Dungeon.
             The game lasted 00:16:05 (6341 turns).

experimilk the Conjurer (Black Draconian Conjurer)  Turns: 6341, Time: 00:16:05

Health: -4/50      AC:  7    Str:  9    XL:     7   Next: 0%
Magic:  3/10       EV: 11    Int: 21    God:
Gold:   270        SH:  4    Dex:  9    Spells: 3/10 levels left

rFire   . . .      SeeInvis .    q - +2 spear (venom)
rCold   + . .      Faith    .    e - +2 buckler
rNeg    . . .      Spirit   .    (body armour unavailable)
rPois   .          Reflect  .    (helmet restricted)
rElec   +          Harm     .    (no cloak)
rCorr   .          Rampage  .    (no gloves)
Will    .....                    m - +0 pair of boots
Stlth   ++........               (no amulet)
HPRegen 0.28/turn                b - ring of protection from cold
MPRegen 0.12/turn                (no ring)

@: brilliant, short of breath
A: breathe lightning, AC +6, unfitting armour, electricity resistance,
cold-blooded
a: Breathe Lightning


You were on level 5 of the Dungeon.
You visited 2 branches of the dungeon, and saw 6 of its levels.

You collected 270 gold pieces.

Inventory:

Hand Weapons
 q - a +2 spear of venom (weapon)
 r - a +0 vorpal spear
Armour
 e - a +2 buckler (worn)
 m - a +0 pair of boots (worn)
Jewellery
 b - a ring of protection from cold (left hand)
Wands
 o - a wand of light (4)
Scrolls
 c - 2 scrolls of identify
 f - 2 scrolls of vulnerability
 j - a scroll of enchant weapon
Potions
 a - 2 potions of brilliance
 d - 4 potions of mutation
 g - 2 potions of attraction
 l - a potion of might {unknown}
 n - a potion of haste {unknown}


   Skills:
 - Level 1.7 Dodging
 - Level 1.7 Stealth
 - Level 2.0 Spellcasting
 * Level 7.8 Conjurations
 - Level 3.0 Summonings


You had 3 spell levels left.
You knew the following spells:

 Your Spells              Type           Power      Damage    Failure   Level
a - Call Canine Familiar  Summ           22%        N/A       17%         3
b - Magic Dart            Conj           100%       1d8       1%          1
s - Summon Small Mammal   Summ           88%        N/A       6%          1
z - Searing Ray           Conj           100%       2d8       1%          2

Your spell library contained the following spells:

 Spells                   Type           Power      Damage    Failure   Level
 Dazzling Flash           Conj/Hex       54%        N/A       12%         3
 Beastly Appendage        Tmut           6%         N/A       21%         1
 Ensorcelled Hibernation  Hex/Ice        6%         N/A       30%         2
 Passwall                 Tmut/Erth      2%         N/A       30%         2
 Wereblood                Tmut           3%         N/A       30%         2
 Summon Guardian Golem    Hex/Summ       12%        N/A       32%         3
 Spider Form              Tmut/Pois      3%         N/A       52%         3
 Swiftness                Air            3%         N/A       52%         3
 Fulminant Prism          Conj/Hex       13%        3d8       38%         4
 Iskenderun's Mystic Bla  Conj/Tloc      27%        2d7       38%         4


Dungeon Overview and Level Annotations

Branches:
Dungeon (5/15)             Temple (1/1) D:5

Altars:
Ashenzari
Elyvilon
Fedhas
Gozag
Kikubaaqudgha
Okawaru
Qazlal
Ru
Sif Muna
Trog
Uskayaw
Vehumet
Wu Jian
Xom
Zin


Innate Abilities, Weirdness & Mutations

You can breathe wild blasts of lightning.
Your glossy black scales are hard. (AC +6)
You cannot fit into any form of body armour.
You are resistant to electric shocks. (rElec)
You are cold-blooded and may be slowed by cold attacks.


Message History

You hit the orc priest.
The orc priest is lightly wounded.
The orc priest calls down the wrath of Beogh upon you.
Pain shoots through your body! The orc closely misses you.
Unknown command.
You hit the orc priest.
The orc priest is poisoned.
The orc priest is moderately wounded.
The orc priest invokes the aid of Beogh against you.
You struggle to resist.
The orc barely misses you.
Unknown command.
You barely miss the orc priest.
The orc priest is moderately wounded.
The orc priest hits you with a +1 flail of holy wrath.
* * * LOW HITPOINT WARNING * * *
The orc closely misses you. The ice beast barely misses you.
Unknown command.
You barely miss the orc priest.
The orc priest is heavily wounded.
The orc priest barely misses you. The orc hits you but does no damage.
The ice beast hits you but does no damage.
Unknown command.
You hit the orc priest.
The orc priest is heavily wounded.
The orc priest hits you with a +1 flail of holy wrath.
* * * LOW HITPOINT WARNING * * *
The orc barely misses you. The ice beast hits you.
* * * LOW HITPOINT WARNING * * *
The ice beast freezes you. You resist.
* * * LOW HITPOINT WARNING * * *
This is a scroll of acquirement!
Something appears at your feet! You block the orc priest's attack.
The orc closely misses you. The ice beast hits you.
* * * LOW HITPOINT WARNING * * *
The ice beast freezes you. You resist.
* * * LOW HITPOINT WARNING * * *
Unknown command.
As you read the scroll labelled XAFEOPT KOLONUA, it crumbles to dust.
Wisps of shadow whirl around you...
It was a scroll of summoning.
The orc priest hits you with a +1 flail of holy wrath.
You die...

####'..#####...# ##..## #....#...
.........# #...# ##..# ##...#...
.........###...######.######.#...
...........#...#.o......##.......
...........#...#......#..#...#...
...........#...#...........).#...
......##...#...#orS..........+...
......##...#..o#ooJ..........#.>.
...... #..)...Yo@Yo..........#...
...... #....#########........#...
...... #....##...............#...
..... #....##.#####.........####
.... #....##.#...#.........# ....
####.##.#.#.#Y........# .###
#.##.#S.<#.........# .#
#.##.#Y###.†.......# ##
#.##.#..SY.........#


You could see 2 ice beasts, an orc priest (very poisoned, ally target), an orc,
a friendly jelly (summoned), a friendly orc priest (summoned), a friendly adder
(summoned), 4 friendly orcs and a friendly quokka (summoned).

Vanquished Creatures
  A scorpion (D:4)
  2 iguanas
  Terence (D:2)
  2 orc wizards
  3 adders
  4 gnolls
  A dart slug (D:3)
  13 orcs
  3 ball pythons
  3 endoplasms
  3 goblins
  10 hobgoblins
  7 jackals
  7 kobolds
  4 quokkas
  3 bats
  3 frilled lizards
  3 rats (D:1)
73 creatures vanquished.

Vanquished Creatures (collateral kills)
  A scorpion (D:4)
  A hound (D:5)
  Jessica (D:2)
  An orc wizard (D:5)
  2 gnolls (D:4)
  An adder (D:5)
  3 orcs
  A giant cockroach (D:2)
  A hobgoblin (D:4)
  A jackal (D:4)
  A ball python (D:2)
14 creatures vanquished.

Vanquished Creatures (others)
  3 plants (D:5)
3 creatures vanquished.

Grand Total: 90 creatures vanquished

Notes
Turn   | Place    | Note
-------+----------+-------------------------------------------
     0 | D:1      | experimilk the Draconian Conjurer began the quest for the
                  | Orb.
     0 | D:1      | Reached XP level 1. HP: 14/14 MP: 3/3
   242 | D:1      | Reached XP level 2. HP: 20/20 MP: 3/5
  1004 | D:1      | Learned a level 2 spell: Searing Ray
  1015 | D:1      | Learned a level 1 spell: Summon Small Mammal
  1035 | D:1      | Reached skill level 5 in Conjurations
  1035 | D:1      | Reached XP level 3. HP: 26/26 MP: 0/6
  1334 | D:2      | Noticed Jessica
  1341 | D:2      | Killed Jessica
  1342 | D:2      | Reached skill level 1 in Summonings
  1582 | D:2      | Reached XP level 4. HP: 33/33 MP: 4/7
  1611 | D:2      | Learned a level 3 spell: Call Canine Familiar
  1706 | D:2      | Noticed Terence
  1734 | D:2      | Killed Terence
  2945 | D:3      | Reached XP level 5. HP: 31/38 MP: 3/8
  3371 | D:3      | Reached skill level 6 in Conjurations
  4664 | D:4      | Reached XP level 6. HP: 36/45 MP: 1/9
  5296 | D:5      | Entered Level 5 of the Dungeon
  5452 | D:5      | Noticed an ice beast
  5460 | D:5      | Reached skill level 7 in Conjurations
  5464 | D:5      | Noticed an ice beast
  5953 | D:5      | Found a staircase to the Ecumenical Temple.
  5965 | Temple   | Entered the Ecumenical Temple
  6331 | D:5      | Your scales start taking on a glossy black colour.
  6331 | D:5      | Reached XP level 7. HP: 17/50 MP: 2/10
  6331 | D:5      | Gained mutation: You are resistant to electric shocks.
                  | (rElec) [Black Draconian growth]
  6340 | D:5      | Identified a scroll of acquirement
  6340 | D:5      | Acquired 1017 gold pieces
  6340 | D:5      | HP: 2/50 [ice beast (4)]
  6341 | D:5      | Slain by an orc priest

Illustrated notes

Levels and vault maps discovered:
D:1:      dpeg_arrival_shelter, layout_basic, minmay_tetromino_o4
D:2:      layout_basic, uniq_terence, uniq_jessica
D:3:      layout_loops_ring
D:4:      layout_cave_pods
D:5:      layout_basic, minmay_temple_entry_gardened_gates
Temple:   minmay_freezing_vapour_temple

Skill      XL: |  1  2  3  4  5  6 |
---------------+-------------------+-----
Conjurations   | 5 6 7 |  7.8
Summonings     | 1 2 3 |  3.0
Dodging        | |  1.7
Stealth        | |  1.7
Spellcasting   | |  2.0

Action                   |  1- 3 |  4- 6 |  7- 9 || total
-------------------------+-------+-------+-------++-------
Melee: Unarmed           |     4 |       |       ||     4
       Spear             |    10 |   108 |     5 ||   123
       Tailslap          |       |    15 |       ||    15
       Punch             |       |     1 |       ||     1
 Cast: Magic Dart        |    28 |    50 |       ||    78
       Searing Ray       |     4 |    10 |       ||    14
       Summon Small Mamm |     6 |    46 |       ||    52
       Call Canine Famil |       |    12 |       ||    12
 Abil: Breathe Lightning |       |       |     1 ||     1
Evoke: Wand              |       |     2 |     1 ||     3
  Use: Scroll            |     2 |     6 |     2 ||    10
       Potion            |       |     5 |     1 ||     6
 Stab: Distracted        |       |     3 |       ||     3
Armor: Skin              |     6 |    63 |     3 ||    72
Dodge: Dodged            |    13 |   108 |    13 ||   134
Block: Buckler           |       |     5 |     2 ||     7

Table legend: (Time is in decaauts)
 A = Elapsed time spent in this place.
 B = Non-inter-level travel time spent in this place.
 C = Inter-level travel time spent in this place.
 D = Time resting spent in this place.
 E = Time spent auto-exploring this place.
 F = Levels seen in this place.
 G = Mean time per level.
                   A        B        C        D        E       F      G
               +--------+--------+--------+--------+--------+-----+--------+
         Total |   6352 |   6185 |    167 |   1909 |   3537 |   6 | 1058.7 |
       Dungeon |   6350 |   6183 |    167 |   1909 |   3537 |   5 | 1270.0 |
        Temple |      1 |      1 |      0 |      0 |      0 |   1 |    1.0 |
               +--------+--------+--------+--------+--------+-----+--------+

Top non-repeatable levels by time:
     D:4: 1770 daAuts
     D:2: 1624 daAuts
     D:1: 1225 daAuts
     D:3: 894 daAuts
     D:5: 834 daAuts
  Temple: 1 daAuts
